Cogmind - Beta 13 *** ADVENTURER MODE // 2024.04.06 @ 20:07:48 // Winter2022/Polymind Player: RandomCommander Result: Destroyed by AI-HXD(R) with Subdweller Laser Performance ------------- Evolutions (0) 0 Regions Visited (2) 400 Robots Destroyed (12) 60 Value Destroyed (370) 370 Prototype IDs (0) 0 Alien Tech Used (0) 0 Bonus (670) 670 TOTAL SCORE: 1400 Bonus ------- Polymind Skill 670 Cogmind --------- Core Integrity 0/250 Matter 0/0 Energy 25/100 System Corruption 0% Temperature Cool (6) Movement Core (50) Location -10/Subcaves Parts ------- > --- POWER (1) -------- (None) > --- PROPULSION (1) --- (None) > --- UTILITY (4) ------ (None) > --- WEAPON (1) ------- (None) > --- INVENTORY (0) ---- (None) Peak State ------------ > --- POWER ------------ Neutrino Core > --- PROPULSION ------- Myomer Leg Myomer Leg > --- UTILITY ---------- Targeting Computer Targeting Computer Armor Integrity Analyzer Phase Shifter > --- WEAPON ----------- Battle Rifle Bore Cannon > --- INVENTORY -------- (None) [Rating: 38] Favorites ----------- Power Neutrino Core Engine Light Ion Engine Power Core Neutrino Core Propulsion Wheel Leg Myomer Leg Wheel Wheel Utility Targeting Computer Device Improved Terrain Scanner Processor Targeting Computer Protection Scrap Shield Weapon Battle Rifle Energy Gun Subdweller Laser Ballistic Gun Battle Rifle Ballistic Cannon Bore Cannon Special Weapon Mining Laser Build | -11 -10 -10 ------- Run | Yrd Mat Sub Slots Evolved . | . . . Power . | . . . Propulsion . | . . . Utility . | . . . Weapon . | . . . Parts Attached . | . . . Power . | . . . Engine . | . . . Core . | . . . Reactor . | . . . Propulsion . | . . . Treads . | . . . Leg . | . . . Wheel . | . . . Hover . | . . . Flight . | . . . Utility . | . . . Device . | . . . Storage . | . . . Processor . | . . . Hackware . | . . . Protection . | . . . Artifact . | . . . Weapon . | . . . Energy Gun . | . . . Energy Cannon . | . . . Ballistic Gun . | . . . Ballistic Cannon . | . . . Launcher . | . . . Special Weapon . | . . . Impact Weapon . | . . . Slashing Weapon . | . . . Piercing Weapon . | . . . Special Melee Weapon . | . . . Unidentified Prototypes . | . . . Parts Lost 5 | . . 5 Power . | . . . Propulsion 1 | . . 1 Utility 2 | . . 2 Weapon 2 | . . 2 Highest Loss Streak 5 | . . 5 To Critical Strikes 1 | . . 1 Average Slot Usage (%) 93 | . 100 92 Engine 2 | . 16 . Core 8 | . . 9 Leg 16 | . . 19 Wheel 5 | . 33 . Device 13 | . 33 10 Processor 25 | . . 29 Ballistic Gun 8 | . . 9 Ballistic Cannon 7 | . . 9 Special Weapon 2 | . 16 . Naked Turns 6 | . . 6 Heaviest Build 26 | 6 6 26 Greatest Support 50 | 20 20 50 Greatest Overweight (x) . | . . . Average Overweight (x) . | . . . Largest Inventory Capacity 2 | . . 2 Average Capacity . | . . 1 Most Carried 1 | . . 1 Average Carried . | . . . Final Capacity . | . . . Final Carried . | . . . Class Distribution -------------------- 75% | Hunter 16% | Tunneler 5% | Subdweller Dominant Class ---------------- Tunneler | -10/Materials Hunter | -10/Subcaves Resources | -11 -10 -10 ----------- Run | Yrd Mat Sub Matter Collected 27 | . . 27 Remotely . | . . . Salvage Created 335 | . . 335 Parts 17 | . . 17 Haulers Intercepted . | . . . Recyclers Shooed . | . . . Parts Field Recycled . | . . . Retrieved Matter . | . . . Parts Self-Destructed 11 | . . 11 Prevented . | . . . Kills | -11 -10 -10 ------- Run | Yrd Mat Sub Combat Hostiles Destroyed 10 | . . 10 Guns 3 | . . 3 Cannons 7 | . . 7 Classes Destroyed 3 | . . 3 Turret 2 | . . 2 Swarmer 3 | . . 3 Subdweller 7 | . . 7 Best Kill Streak 8 | . . 8 Combat Bots Only 6 | . . 6 Max Kills in Single Turn 2 | . . 2 Gunslinging . | . . . Exploded . | . . . Melee . | . . . Uniques/NPCs Destroyed . | . . . Combat | -11 -10 -10 -------- Run | Yrd Mat Sub Hostile Shots Fired 125 | . . 125 Missed 33 | . . 33 Damage Taken 1120 | . . 1120 Core 254 | . . 254 Absorbed by Shields . | . . . Ignored by Resistances 469 | . . 469 Core Remaining (%) 100 | 100 . . Volleys Fired 33 | . . 33 Largest 2 | . . 2 Hottest 82 | . . 82 Shots Fired 57 | . . 57 Gun 33 | . . 33 Cannon 24 | . . 24 Launcher . | . . . Special . | . . . Kinetic 52 | . . 52 Thermal 5 | . . 5 Explosive . | . . . Electromagnetic . | . . . Robot Hit Streak 22 | . . 22 Robot Miss Streak 3 | . . 3 Penetration Max 1 | . . 1 Secondary Targets . | . . . Shots Hit Robots 44 | . . 44 Core Hits 18 | . . 18 Critical Kills 5 | . . 5 Critical Parts Destroyed 2 | . . 2 Critical Strikes 12 | . . 12 Destroy 12 | . . 12 Melee Attacks . | . . . Impact . | . . . Slashing . | . . . Piercing . | . . . Sneak Attacks . | . . . Combat Hostiles . | . . . Follow-up Attacks . | . . . Damage Inflicted 827 | . . 827 Guns 366 | . . 366 Cannons 461 | . . 461 Explosions . | . . . Melee . | . . . Ramming . | . . . Kinetic 715 | . . 715 Thermal 112 | . . 112 Explosive . | . . . Electromagnetic . | . . . Impact . | . . . Slashing . | . . . Piercing . | . . . Highest Corruption . | . . . Average Corruption . | . . . Corruption Purged . | . . . Corruption Blocked . | . . . Overload Shots . | . . . Overflow Damage . | . . . Projectiles . | . . . Explosions . | . . . Melee . | . . . Knockbacks 6 | . . 6 Impact . | . . . Kinetic 6 | . . 6 Secondary . | . . . Self-Inflicted Damage . | . . . Shots . | . . . Rammed . | . . . Targets Rammed . | . . . Kicked . | . . . Crushed . | . . . Highest Temperature 198 | . . 198 Average Temperature 119 | . . 119 Received Heat Transfer 306 | . . 306 Siege Activations . | . . . Robots Corrupted . | . . . Combat Hostiles . | . . . Parts Fried . | . . . Impact Corruptions . | . . . Robots Melted . | . . . Combat Hostiles . | . . . Parts Melted . | . . . Heat Transferred 125 | . . 125 Parts Sabotaged . | . . . Parts Stolen . | . . . Parts Stripped . | . . . Power Chain Reactions . | . . . Alert | -11 -10 -10 ------- Run | Yrd Mat Sub Peak Influence . | . . . Initial . | . . . Average . | . . . Maximum Alert Level . | . . . Low Security (%) 100 | 100 100 . Level 1 . | . . . Level 2 . | . . . Level 3 . | . . . Level 4 . | . . . Level 5 . | . . . High Security . | . . . Max Security . | . . . Squads Dispatched . | . . . Investigation . | . . . Extermination . | . . . Reinforcement . | . . . Assault . | . . . Garrison . | . . . Intercept . | . . . Searches Triggered . | . . . Construction Impeded . | . . . Haulers Reinforced . | . . . Active Scanning Responses . | . . . Cargo Convoy Interrupts . | . . . Stealth | -11 -10 -10 --------- Run | Yrd Mat Sub Distress Signals . | . . . Communications Jammed . | . . . Distress Signals . | . . . Times Spotted 56 | . . 56 Peak Tracking Total 8 | . . 8 Tactical Retreats 2 | . . 2 Traps | -11 -10 -10 ------- Run | Yrd Mat Sub Traps Triggered . | . . . Indirectly . | . . . Trap Hack Attempts . | . . . Triggered . | . . . Disarmed . | . . . Reprogrammed . | . . . Reused . | . . . Traps Extracted . | . . . Installed . | . . . Triggered . | . . . Machines | -11 -10 -10 ---------- Run | Yrd Mat Sub Machines Disabled 1 | . . 1 Max in Single Turn 1 | . . 1 Machines Repaired . | . . . Machines Dismantled . | . . . Machines Sabotaged . | . . . Overloaded Fab Kills . | . . . Hacking | -11 -10 -10 --------- Run | Yrd Mat Sub Machines Accessed . | . . . Terminals . | . . . Fabricators . | . . . Repair Stations . | . . . Recycling Units . | . . . Scanalyzers . | . . . Garrison Access . | . . . Total Hacks . | . . . Successful . | . . . Failed . | . . . Catastrophic . | . . . Database Lockouts . | . . . Manual . | . . . Terminals . | . . . Fabricators . | . . . Repair Stations . | . . . Recycling Units . | . . . Scanalyzers . | . . . Garrison Access . | . . . Terminal Hacks . | . . . Fabricator Hacks . | . . . Repair Station Hacks . | . . . Recycling Unit Hacks . | . . . Scanalyzer . | . . . Garrison Access Hacks . | . . . Unauthorized Hacks . | . . . Terminals . | . . . Fabricators . | . . . Repair Stations . | . . . Recycling Units . | . . . Scanalyzers . | . . . Garrison Access . | . . . Data Cores Recovered . | . . . Used . | . . . Hacking Detections . | . . . Full Trace Events . | . . . Feedback Events . | . . . Feedback Blocked . | . . . Robot Schematics Acquired . | . . . Robots Built . | . . . Authchips . | . . . Time . | . . . Total Robot Build Rating . | . . . Part Schematics Acquired . | . . . Parts Built . | . . . Authchips . | . . . Time . | . . . Total Part Build Rating . | . . . Parts Repaired . | . . . Time . | . . . Parts Recycled . | . . . Recycled Matter . | . . . Retrieved Matter . | . . . Retrieved Components . | . . . Parts Scanalyzed . | . . . Part Schematics Acquired . | . . . Parts Damaged . | . . . Bothacking | -11 -10 -10 ------------ Run | Yrd Mat Sub Used RIF Installer . | . . . Robots Hacked . | . . . Non-combat . | . . . Combat . | . . . Robot Hacks Applied . | . . . Relay Couplers Released . | . . . Fabnet Peak Effective % . | . . . Robots Rewired . | . . . Allies Hacked . | . . . Hacks Repelled . | . . . Allies | -11 -10 -10 -------- Run | Yrd Mat Sub Total Allies . | . . . Largest Group . | . . . Highest-Rated Group . | . . . Highest-Rated Ally . | . . . Total Orders . | . . . Ally Attacks . | . . . Total Damage . | . . . Kills . | . . . Allies Corrupted . | . . . Allies Melted . | . . . Intel | -11 -10 -10 ------- Run | Yrd Mat Sub Robot Analysis Total 3 | 1 . 2 Derelict Logs Recovered . | . . . Drone Launches . | . . . Drone Recoveries . | . . . Exploration | -11 -10 -10 ------------- Run | Yrd Mat Sub Turns Passed 342 | 129 35 178 Spaces Moved 176 | 70 24 82 Core 21 | 10 . 11 Treads . | . . . Legs 69 | . . 69 Wheels 86 | 60 24 2 Hover . | . . . Flight . | . . . Fastest Speed 50 | 50 80 50 Average Speed 92 | 75 80 110 Slowest Speed 120 | 80 80 120 Overloaded Moves . | . . . Propulsion Burnouts . | . . . Robots Hopped . | . . . Cave-ins Triggered . | . . . Exploration Rate (%) 8 | 8 6 10 Regions Visited 2 Branch Regions 1 Pre-discovered Areas . | . . . Known Exits Taken . | . . . Unknown Exits Taken 2 | 1 1 . Scrap Searched . | . . . Spaces Dug . | . . . Terrain Destroyed 3 | . . 3 Melee . | . . . Projectile 3 | . . 3 AOE . | . . . Terrain Rammed . | . . . Walls Destroyed . | . . . Machines Disabled . | . . . Actions | -11 -10 -10 --------- Run | Yrd Mat Sub Total 299 | 145 39 115 Wait . | . . . Move 174 | 69 23 82 Hop . | . . . Pick Up . | . . . Fast Attach . | . . . Attach . | . . . Detach . | . . . Swap . | . . . Drop . | . . . Fire 33 | . . 33 Melee . | . . . Ram . | . . . Kick . | . . . Crush . | . . . Escape Stasis . | . . . Rewire . | . . . Trap . | . . . Miscellaneous 92 | 76 16 . Route ------- -11/Scrapyard -10/Materials -10/Subcaves (discovered 1 exit: [*Rec]) History --------- Turn | Location | Event 3 | -11/Scrapyard | Discovered new exit (range 14) 130 | -11/Scrapyard | Entered Materials 162 | -10/Materials | Discovered new exit (range 2) 165 | -10/Materials | Entered Subcaves 165 | -10/Subcaves | Discovered new exit (range 14) 251 | -10/Subcaves | A swath of the cavern ceiling suddenly collapsed 303 | -10/Subcaves | Ambushed by swarm of Subdwellers 325 | -10/Subcaves | Core integrity fell below 50% 337 | -10/Subcaves | Core integrity fell below 20% 343 | -10/Subcaves | Destroyed by AI-HXD(R) with Subdweller Laser Last Messages --------------- Phase Shifter destroyed. VN-556(R) affixes Scrap Shield Fragment to Scrap Shield. 2Z-GBQ(R) affixes Scrap Shield Fragment to Scrap Shield. Myomer Leg destroyed. Critical hit (Destroy). Battle Rifle destroyed. Released control of GJ-D3C(h). Took control of LI-9RY(R). Extracted analysis data for Subdweller. GJ-D3C(h) reactivates. SC-GP0(R) destroyed. VN-556(R) affixes Scrap Shield Fragment to Scrap Shield. VN-556(R) destroyed. Scrap Shield destroyed. Acquired 20 Protomatter. Released control of LI-9RY(R). LI-9RY(R) reactivates. Map ----- +----------------------------------------------------+ | ?????????????????????? #??????????????????? | | ?????# ?????????####?? % ??????????????????? | | ????? ????????## ##? ###????????????????? | | ???? ???####?# #######????????????????? | | ???? ????# #??# ##"""##???????????????? | | #?? ????## #### ##""""#???????????????? | | ## ????## #### #???????????????? | | ???## % # #???????????????? | | ????# ##???????????????? | | # ???#?# ##???????????????? | | ## #??# % ###?????????????? | | #??## #?????????????? | | #?????# #?????????????? | | ##???## #?????????????? | | ##### % #?????????????? | | # ##% #?????????????? | | **&! #?????????????? | | =& [[ ## #?????????????? | | # !%## ## ##?????????????? | | ##"#### ##?????????????? | | "#??# #?????????????? | | #??# #?????????????? | | #??# #?????????????? | | "#??## ## ## #?????????????? | | %"#???# ### R ## #?????????????? | | " ""#??? ####R @ #?????????????? | | #####???" #### ##?????????????? | | ????????### ##?## #??????????????? | | ??????????####??# ##?????????????? | | ????????????????### #?????????????? | | ????????????##?##### " ####?????????????? | | ????????????#"## # "## #????????????????? | | ???????????## %&*RR ""# % #???????????????? | | ??????????##""%!%## " # $ #???????????????? | | ??????????# "" &### # #???????????????? | | ????# ""%!"## # #???????????????? | | ????## # ###""&["## # #???????????????? | | ?????#??#??# " " # # #???????????????? | | ???????????##" ##### # #???????????????? | | ????????????####??? ##???????????????? | | ??????????????????? #????????????????? | | ???????????????????# # #????????????????? | | ???????????????????? #????????????????? | | ???????????????????? ????????????????? | | ???????????????????? ### ?????????????????? | | ???????????????????? #????????????????????? | | ???????????????????????????????????????????? | | ???????????????????????????????????????????? | | ???????????????????????????????????????????? | | ???????????????????????????????????????????? | +----------------------------------------------------+ Best States ------------- Heat Dissipation 40 Coolant Potential 50 Energy Generation 24 Energy Capacity 265 Matter Stores 230 Matter Capacity 250 Sight Range 19 Terrain Scan Range 16 Terrain Scan Density 10 Armor Coverage 800 Resistance: KI 45 Resistance: TH 20 Resistance: EX 20 Resistance: EM 20 Resistance: I 20 Resistance: S 20 Resistance: P 20 Phase Shifting 5 Evasion (%) 60 Targeting Accuracy 10 Armor Integrity Analysis 30 Offensive Hacking 10 Item Schematics ----------------- None Robot Schematics ------------------ None Fabricated ------------ Nothing Alien Tech Used ----------------- None Achievements -------------- None Challenges ------------ None Polymind | -11 -10 -10 ---------- Run | Yrd Mat Sub Hosts 3 | 1 . 2 Combat Hostiles 1 | . . 1 Allies 1 | . . 1 Unique Host Classes 3 | 1 . 2 Average Host Suspicion 13 | . 1 26 Unsuspicious Activity 708 | 382 80 246 Returns to Shadow 1 | . . 1 Fuzzy Dispatches . | . . . Protomatter Created 75 | . . 75 Used 62 | 5 . 57 Decayed 24 | . . 24 Highest Spend 33 | 5 . 33 Top 5 Hosts by Kills: GJ-D3C(h) (-10/Subcaves: 8) LI-9RY(R) (-10/Subcaves: 2) Game ------ Seed MetaMediumMonowheel Manual? 0 Play Time 00:06:34 Cumulative 102.8 hours Start 2024.04.06 @ 20:01:55 End 2024.04.06 @ 20:07:48 Sessions 1 Manual Loads 0 Difficulty Adventurer Special Mode Winter2022/Polymind Game No. 11 Rogue 0 Adventurer 11 Explorer 0 Win Type - Total 1 Types 1/0/0/0/0/0/0/0/0 Lore% 31 Gallery% 36 Achievement% 40 Wizard Run 0 Options --------- Layout 1 ASCII 0 Keyboard 0 Movement Numpad Keybinds 0 Fullscreen 1 Font 24/Smallcaps Map View 50x35 Zoom Use 0% Tactical HUD 0 Map Filters NONE Filters NONE Steam 1 RUN: 774b13df-eaf3-44b8-8f64-ef539753eea6